 Dungeon Crawl Stone Soup version 0.30-a0-377-g5cb311bc9f (webtiles) character file.

Game seed: 9861089733837315603

385 qeuew the Trooper (level 6, -2/48 HPs)
             Began as a Demonspawn Chaos Knight on Nov 28, 2022.
             Was a Plaything of Xom.
             Slain by an orc
             ... wielding a +0 trident
              (5 damage)
             ... on level 3 of the Dungeon.
             The game lasted 00:03:16 (2514 turns).

qeuew the Trooper (Demonspawn Chaos Knight)         Turns: 2514, Time: 00:03:17

Health: -2/48      AC:  5    Str: 15    XL:     6   Next: 48%
Magic:  6/6        EV: 12    Int: 13    God:    Xom [..*...]
Gold:   173        SH:  0    Dex: 12    Spells: 5/5 levels left

rFire   . . .      SeeInvis .    a - +0 hand axe (chaos)
rCold   . . .      Faith    .    (no shield)
rNeg    . . .      Spirit   .    b - +2 leather armour
rPois   .          Reflect  .    (helmet restricted)
rElec   .          Harm     .    (no cloak)
rCorr   .          Rampage  .    (no gloves)
Will    .....                    (no boots)
Stlth   +.........               f - amulet of regeneration
HPRegen 1.08/turn                (no ring)
MPRegen 0.10/turn                (no ring)

@: no status effects
A: horns 1, foul stench 1, weakness stinger 1
a: Renounce Religion


You were on level 3 of the Dungeon.
You worshipped Xom.
You were a toy of Xom.
You visited 1 branch of the dungeon, and saw 3 of its levels.

You collected 173 gold pieces.

Inventory:

Hand Weapons
 a - a +0 hand axe of chaos (weapon)
Armour
 b - a +2 leather armour (worn)
Jewellery
 f - an amulet of regeneration (around neck)
Scrolls
 g - 2 scrolls of identify
 h - a scroll of teleportation
 j - a scroll of poison {unknown}
Potions
 d - a potion of flight {unknown}
 e - a potion of curing
 i - a potion of heal wounds {unknown}
Miscellaneous
 c - a piece from Xom's chessboard (15/15) (quivered)


   Skills:
 + Level 4.2 Fighting
 + Level 3.7 Axes
 + Level 3.2 Armour
 + Level 2.7 Dodging
 + Level 2.7 Evocations


You had 5 spell levels left.
You didn't know any spells.
Your spell library was empty.

Dungeon Overview and Level Annotations

Branches:
Dungeon (3/15)

Altars:
Ru
Xom

Shops:
D:1 [:(*


Innate Abilities, Weirdness & Mutations

You have a pair of small horns on your head.
You may rarely emit foul miasma when damaged in melee.
You have a small tail.


Message History

You are too injured to fight recklessly!
You are too injured to fight recklessly!
You are too injured to fight recklessly!
You are too injured to fight recklessly!
You are too injured to fight recklessly!
You are too injured to fight recklessly!
You are too injured to fight recklessly!
You are too injured to fight recklessly!
You are too injured to fight recklessly!
You are too injured to fight recklessly!
You are too injured to fight recklessly!
You are too injured to fight recklessly!
You are too injured to fight recklessly!
Unknown command.
The orc priest misses you. The hobgoblin closely misses you.
The orc closely misses you.
You closely miss the hobgoblin. You barely miss the orc.
You hit the orc priest.
The orc priest begins to cast a cantrip, but forgets the words!
The hobgoblin misses you. The orc barely misses you.
You barely miss the hobgoblin. Your headbutt misses the hobgoblin.
You barely miss the orc. You hit the orc priest.
The orc priest hits you but does no damage.
The hobgoblin barely misses you. The orc hits you with a +0 trident.
You closely miss the hobgoblin. You hit the orc. You freeze the orc.
You hit the orc priest but do no damage.
The orc priest hits you but does no damage.
The hobgoblin barely misses you. The orc closely misses you.
You hit the hobgoblin. You freeze the hobgoblin.
You kill the hobgoblin!
You barely miss the orc. You hit the orc priest.
The orc hits you but does no damage.
The orc priest calls down the wrath of Beogh upon you.
Beogh smites you!
* * * LOW HITPOINT WARNING * * *
The orc priest mumbles some strange prayers to Beogh against you.
Beogh smites you!
* * * LOW HITPOINT WARNING * * *
The orc hits you with a +0 trident.
You die...

# .# ##+## #.
##...## #.
##>....## #.
##.......## ##.##
#####
#..(......####...##
.....
+...@.....+.......#
#####
#..o.o....####...##
##.......## ##.##
##)....## #.
##...## .. ##'##
##. #.# #. #.# #.
##.##


You could see an orc priest and an orc.

Vanquished Creatures
  Grinder (D:3)
  Jessica (D:2)
  Natasha (thrice) (D:2)
  4 adders
  A gnoll (D:1)
  A dart slug (D:2)
  An orc (D:3)
  5 bats
  7 endoplasms
  3 giant cockroaches
  6 hobgoblins
  2 jackals (D:3)
  3 quokkas
  6 ball pythons
  4 frilled lizards
  2 kobolds
  4 rats
54 creatures vanquished.

Notes
Turn   | Place    | Note
-------+----------+-------------------------------------------
     0 | D:1      | qeuew the Demonspawn Chaos Knight began the quest for the
                  | Orb.
     0 | D:1      | Reached XP level 1. HP: 18/18 MP: 1/1
    98 | D:1      | Found Kuri's General Store.
   151 | D:1      | Reached skill level 1 in Dodging
   151 | D:1      | Discovered your monstrous ancestry.
   151 | D:1      | Gained mutation: You have a small tail. [demonic ancestry]
   151 | D:1      | Reached XP level 2. HP: 23/24 MP: 2/2
   282 | D:1      | Found Ygurue's Antique Armour Shop.
   425 | D:1      | Found Lukluy's Weapon Emporium.
   613 | D:1      | Found Ymmicvu's Book Boutique.
  1023 | D:2      | XOM: silly message
  1038 | D:2      | Reached skill level 1 in Evocations
  1038 | D:2      | Reached XP level 3. HP: 28/29 MP: 3/3
  1201 | D:2      | Noticed Jessica
  1209 | D:2      | Killed Jessica
  1210 | D:2      | Reached XP level 4. HP: 35/35 MP: 4/4
  1216 | D:2      | XOM: cloud trail
  1284 | D:2      | XOM: silly message
  1297 | D:2      | XOM: divination: detect creatures
  1386 | D:2      | Noticed Natasha
  1387 | D:2      | XOM: potion effect (invisibility)
  1393 | D:2      | Killed Natasha
  1401 | D:2      | XOM: silly message
  1481 | D:2      | XOM: silly message
  1640 | D:2      | Noticed Natasha
  1645 | D:2      | Killed Natasha
  1780 | D:2      | Noticed Natasha
  1788 | D:2      | Killed Natasha
  1789 | D:2      | Gained mutation: You have a pair of small horns on your
                  | head. [demonic ancestry]
  1789 | D:2      | Reached XP level 5. HP: 42/42 MP: 5/5
  1880 | D:3      | Noticed Grinder
  1884 | D:3      | XOM: 2-stop teleportation journey
  1890 | D:3      | XOM: cleaving
  1899 | D:3      | Paralysed by Grinder for 2 turns
  1902 | D:3      | Killed Grinder
  1903 | D:3      | Reached skill level 4 in Fighting
  1903 | D:3      | Gained mutation: You may rarely emit foul miasma when
                  | damaged in melee. [demonic ancestry]
  1903 | D:3      | Reached XP level 6. HP: 29/48 MP: 6/6
  2077 | D:3      | Found a shimmering altar of Xom.
  2077 | D:3      | XOM: 6-stop teleportation journey
  2348 | D:3      | Found a sacrificial altar of Ru.
  2514 | D:3      | Slain by an orc

Illustrated notes

Levels and vault maps discovered:
D:1:      noname_arrival_rooms_in_the_neighbourhood, layout_basic, serial_shops,
          nicolae_shop_hallway_stairs, shop, nicolae_square_shop, shop,
          dreamdust_princess_bridge, kennysheep_crisscross,
          hangedman_decor_points
D:2:      layout_basic, chequers_serial_rivers_micro_b,
          chequers_serial_rivers_large_a, uniq_jessica, uniq_natasha
D:3:      layout_loops_corners, old_standard_altar,
          mainiacjoe_overflow_chevrons, minmay_door_square, uniq_grinder

Skill      XL: |  1  2  3  4  5 |
---------------+----------------+-----
Dodging        | 1 2 |  2.7
Armour         | 2 3 |  3.2
Evocations     | 1 2 |  2.7
Axes           | 3 |  3.7
Fighting       | 4 |  4.2

Action                   |  1- 3 |  4- 6 || total
-------------------------+-------+-------++-------
Melee: Hand axe          |    76 |    98 ||   174
       Tailslap          |     7 |     8 ||    15
       Headbutt          |       |    13 ||    13
       Punch             |       |     1 ||     1
  Use: Scroll            |     2 |     1 ||     3
       Potion            |     2 |       ||     2
 Stab: Sleeping          |     1 |     2 ||     3
       Paralysed         |     1 |       ||     1
Armor: Leather armour    |    27 |    28 ||    55
Dodge: Dodged            |    42 |    77 ||   119

Table legend: (Time is in decaauts)
 A = Elapsed time spent in this place.
 B = Non-inter-level travel time spent in this place.
 C = Inter-level travel time spent in this place.
 D = Time resting spent in this place.
 E = Time spent auto-exploring this place.
 F = Levels seen in this place.
 G = Mean time per level.
                   A        B        C        D        E       F      G
               +--------+--------+--------+--------+--------+-----+--------+
         Total |   2567 |   2486 |     81 |      0 |   2068 |   3 |  855.7 |
       Dungeon |   2567 |   2486 |     81 |      0 |   2068 |   3 |  855.7 |
               +--------+--------+--------+--------+--------+-----+--------+

Top non-repeatable levels by time:
     D:2: 1000 daAuts
     D:1: 881 daAuts
     D:3: 685 daAuts
